 Dungeon Crawl Stone Soup version 0.31-a0-435-g2c6fae2916 (webtiles) character file.

Game seed: 1475276359868037933

18720 Shard1697 the Basher (level 12, -11/97 HPs)
             Began as a Demonspawn Artificer on Aug 1, 2023.
             Was a High Priest of Okawaru.
             Mangled by a boulder beetle (30 damage)
             ... on level 11 of the Dungeon.
             The game lasted 00:30:26 (13229 turns).

Shard1697 the Basher (Demonspawn Artificer)        Turns: 13229, Time: 00:30:27

Health: -11/97     AC: 18    Str: 20    XL:     12   Next: 30%
Magic:  15/17      EV: 15    Int: 14    God:    Okawaru [*****.]
Gold:   1192       SH: 14    Dex: 16    Spells: 11/11 levels left

rFire   + . .        a - +0 flail
rCold   + . .        z - +2 kite shield
rNeg    . . .        A - +3 scale mail {rF+}
rPois   +            s - +2 hat {Stlth+}
rElec   .            B - +2 cloak {rCorr}
rCorr   +            u - +0 pair of gloves
SInv    +            (no boots)
Will    .....        c - amulet "Jutiaru" {Faith rPois rCorr Str+3 Dex+3}
Stlth   +++          g - ring of see invisible
HPRegen 0.36/turn    F - ring of protection from cold
MPRegen 0.15/turn

%: faith
@: heroic, studying Staves
A: repulsion field 2, powered by death 1, powered by pain 2, weakness stinger 1
a: Renounce Religion, Heroism, Finesse, Duel


You were on level 11 of the Dungeon.
You worshipped Okawaru.
Okawaru was extremely pleased with you.
You visited 1 branch of the dungeon, and saw 11 of its levels.

You collected 1192 gold pieces.

Inventory:

Hand Weapons
 a - a +0 flail (weapon)
 b - a +0 war axe
 d - a +6 trident of venom
Missiles
 w - 3 throwing nets
Armour
 f - a +0 troll leather armour
 k - a +1 helmet
 s - a +2 hat of stealth (worn)
 t - a +4 scale mail
 u - a +0 pair of gloves (worn)
 z - a +2 kite shield (worn)
 A - a +3 scale mail of fire resistance (worn)
 B - a +2 cloak of preservation (worn)
Jewellery
 c - the amulet "Jutiaru" (around neck) {Faith rPois rCorr Str+3 Dex+3}
   (You acquired it on level 7 of the Dungeon)

   [amulet of faith]

   It allows you to gain divine favour quickly.
   Str:       It affects your strength (+3).
   Dex:       It affects your dexterity (+3).
   rPois:     It protects you from poison.
   rCorr:     It protects you from acid and corrosion.
 g - a ring of see invisible (left hand)
 m - a ring of poison resistance
 y - the amulet "Ziaxzigo" {Spirit Harm rF- rC+ Int+2}
   (You took it off a gnoll on level 5 of the Dungeon)

   [amulet of guardian spirit]

   It causes incoming damage to be divided between your reserves of health and
   magic.
   Int:       It affects your intelligence (+2).
   rF:        It makes you vulnerable to fire.
   rC:        It protects you from cold.
   Harm:      It increases damage dealt and taken.
 F - a ring of protection from cold (right hand)
Wands
 h - a wand of polymorph (17)
 n - a wand of iceblast (7)
 r - a wand of flame (37)
 x - a wand of mindburst (3)
Scrolls
 j - a scroll of vulnerability
 p - a scroll of revelation
 C - a scroll of teleportation
 E - 2 scrolls of identify
Potions
 e - 4 potions of curing
 i - a potion of mutation
 l - a potion of enlightenment
 o - 5 potions of attraction
 q - a potion of ambrosia
 v - a potion of berserk rage
 D - 2 potions of lignification


   Skills:
 - Level 10.0(15.0) Fighting
 * Level 12.5(17.5) Maces & Flails
 * Level 5.8(10.8) Armour
 - Level 0.8(5.8) Dodging
 - Level 0.8(5.8) Stealth
 + Level 5.5(10.5) Shields
 - Level 7.5 Invocations
 + Level 6.1 Evocations


You had 11 spell levels left.
You didn't know any spells.
Your spell library contained the following spells:

 Spells                   Type           Power      Damage    Failure   Level
 Freeze                   Ice            0%         1d3       77%         1
 Sting                    Tmut/Pois      0%         1d3       77%         1
 Ensorcelled Hibernation  Hex/Ice        0%         N/A       88%         2
 Passwall                 Tmut/Erth      0%         N/A       88%         2
 Poisonous Vapours        Pois/Air       0%         N/A       88%         2
 Static Discharge         Conj/Air       0%         2-2/arc   88%         2
 Sublimation of Blood     Necr           0%         N/A       88%         2
 Wereblood                Tmut           0%         N/A       88%         2
 Frozen Ramparts          Ice            0%         1d1       98%         3
 Hailstorm                Conj/Ice       0%         3d3       98%         3
 Swiftness                Air            0%         N/A       98%         3
 Airstrike                Air            0%         2d(0-16)  100%        4
 Olgreb's Toxic Radiance  Pois           0%         N/A       100%        4
 Summon Lightning Spire   Summ/Air       Unusable   N/A       N/A         4
 Summon Hydra             Summ           Unusable   N/A       N/A         7

Dungeon Overview and Level Annotations

Branches:
Dungeon (11/15)            Temple (0/1) D:6            Lair (0/5) D:8
    Orc (0/2) D:9

Altars:
Cheibriados
Dithmenos
Makhleb
Nemelex Xobeh
Okawaru
Sif Muna
Trog

Shops:
D:7 :[   D:9 *

Annotations:
D:11 Grum


Innate Abilities, Weirdness & Mutations

You are surrounded by a moderate repulsion field. (EV +3)
You regenerate a little health from kills.
You sometimes gain power by taking damage.
You have a small tail.


Message History

The gargoyle is almost destroyed.
You block Grum's attack. The gargoyle hits you with a +0 flail!
The boulder beetle leaps!
You hit the gargoyle but do no damage.
The gargoyle is almost destroyed.
You hit the gargoyle.
You destroy the gargoyle!
Okawaru accepts your kill.
You feel like a meek peon again. Grum hits you but does no damage.
Aiming: Mindburst
Press: ? - help, Shift-Dir - straight line, f - boulder beetle
Aim: a boulder beetle (chance to affect: 71%)
The boulder beetle's mind is blasted!
Grum barely misses you. The boulder beetle bites you!
Aiming: Mindburst
Press: ? - help, Shift-Dir - straight line, f/p - boulder beetle
Aim: a boulder beetle (moderately wounded, chance to affect: 71%)
The boulder beetle struggles to resist.
You block Grum's attack. The boulder beetle bites you!
Blink to where?
Press: ? - help, Dir - move target, p - boulder beetle A skeletal warrior comes into view.
It is wielding a +0 glaive.
As you read the scroll of blinking, it crumbles to dust.
The boulder beetle curls into a ball and begins rolling!
The boulder beetle attacks as you move away!
The boulder beetle hits you!!
* * * LOW HITPOINT WARNING * * *
The boulder beetle stops rolling and uncurls.
The boulder beetle curls into a ball and begins rolling!
Blink to where?
Press: ? - help, Dir - move target
As you read the scroll of blinking, it crumbles to dust.
Okay, then.
Okay, then.
You feel better.
You feel better.
You gain the combat prowess of a mighty hero.
The boulder beetle hits you!!
You die...

#........## ##.#########
#..##.###.###..........#
#..##.# #..#...#######.#
#.....# #.#....##......#
##.#### #.##.#.##.###..# #.#
#......##.# #..# #.#
####.####.###.#### ###.##
##+####........# #....##
##..@B...◎.......... #.#.#.#
##.....°############## #....##
##......#°.#.B#.#......
##...####.......##.#○#○#....#.#
#.......+.......##..#.#B#♣.♣#.#
##...####........#.##)##°.....#
#..## ##.......##..#.#♣°..♣.#
#.## ###......#.#.#.#...P...#
###.# #.....####.##..#♣.○♣..♣#


You could see a boulder beetle (rolling).

Vanquished Creatures
  Gastronok (D:8)
  Erica (D:11)
  A centaur warrior (D:11)
  2 boulder beetles (D:11)
  5 two-headed ogres
  Lodul (D:10)
  Maurice (D:8)
  A gargoyle (D:11)
  2 trolls
  A komodo dragon (D:8)
  Grinder (D:4)
  2 hornets (D:10)
  Prince Ribbit (D:8)
  4 slime creatures
  2 wyverns (D:9)
  A wraith (D:11)
  21 yaks
  Eustachio (D:4)
  2 steam dragons (D:7)
  7 vampire mosquitoes
  An acid dragon (D:10)
  2 water moccasins
  4 orc warriors
  An ice beast (D:5)
  A black bear (D:4)
  A sky beast (D:7)
  2 wolves (D:11)
  8 ogres
  A centaur (D:7)
  3 phantoms
  2 kobold brigands
  4 bullfrogs
  4 gnoll sergeants
  4 scorpions
  7 howler monkeys
  An electric eel (D:7)
  2 orc priests
  7 hounds
  3 gnoll boudas
  Crazy Yiuf (D:4)
  3 iguanas
  A sleepcap (D:5)
  7 orc wizards
  The ghost of deremet the Covert, a weakling GnDe (D:5)
  13 adders
  24 gnolls
  A shadow imp (D:3)
  4 white imps
  An ufetubus (D:6)
  6 worms
  4 dart slugs
  25 orcs
  9 ball pythons
  2 bats (D:3)
  4 endoplasms
  A giant cockroach (D:2)
  7 goblins
  9 hobgoblins
  25 kobolds
  2 quokkas
  A frilled lizard (D:2)
  9 rats
276 creatures vanquished.

Notes
Turn   | Place    | Note
-------+----------+-------------------------------------------
     0 | D:1      | Shard1697 the Demonspawn Artificer began the quest for the
                  | Orb.
     0 | D:1      | Reached XP level 1. HP: 15/15 MP: 1/1
   125 | D:1      | Reached skill level 1 in Maces & Flails
   207 | D:1      | Gained mutation: You are surrounded by a mild repulsion
                  | field. (EV +2) [demonic ancestry]
   207 | D:1      | Reached XP level 2. HP: 13/21 MP: 2/2
   415 | D:1      | Reached skill level 2 in Maces & Flails
  1005 | D:2      | Reached XP level 3. HP: 25/26 MP: 3/3
  1412 | D:2      | Reached skill level 3 in Maces & Flails
  1453 | D:2      | Found an iron altar of Okawaru.
  1480 | D:2      | Became a worshipper of Warmaster Okawaru
  1815 | D:3      | Reached XP level 4. HP: 32/32 MP: 4/4
  1896 | D:3      | You fall into a shaft and drop 2 floors!
  1896 | D:5      | Entered Level 5 of the Dungeon
  1912 | D:5      | Noticed an ogre
  1912 | D:5      | Noticed an ogre
  1912 | D:5      | Noticed a phantom
  2084 | D:3      | Reached skill level 4 in Maces & Flails
  2574 | D:3      | Found a bloodstained altar of Trog.
  2608 | D:3      | Reached XP level 5. HP: 32/37 MP: 5/5
  3205 | D:4      | Reached * piety under Okawaru
  3206 | D:4      | Reached skill level 5 in Maces & Flails
  3395 | D:4      | Noticed Grinder
  3423 | D:4      | Killed Grinder
  3424 | D:4      | Reached skill level 6 in Maces & Flails
  3424 | D:4      | Gained mutation: You are surrounded by a moderate repulsion
                  | field. (EV +3) [demonic ancestry]
  3424 | D:4      | Reached XP level 6. HP: 23/43 MP: 6/6
  3516 | D:4      | Reached skill level 1 in Invocations
  3516 | D:4      | Gained mutation: You have a small tail. [demonic ancestry]
  3516 | D:4      | Reached XP level 7. HP: 22/49 MP: 7/7
  4521 | D:4      | Found a runed translucent door.
  4522 | D:4      | Noticed Crazy Yiuf
  4531 | D:4      | Killed Crazy Yiuf
  4778 | D:4      | Reached skill level 7 in Maces & Flails
  5021 | D:4      | Reached ** piety under Okawaru
  5022 | D:4      | Gained mutation: You sometimes gain a little power by
                  | taking damage. [demonic ancestry]
  5022 | D:4      | Reached XP level 8. HP: 60/60 MP: 10/10
  5259 | D:5      | Found a transporter.
  5260 | D:5      | Found a transporter.
  5273 | D:5      | Noticed Eustachio
  5421 | D:4      | Killed Eustachio
  5628 | D:5      | Reached skill level 5 in Fighting
  5717 | D:5      | Reached skill level 8 in Maces & Flails
  5898 | D:5      | Identified the amulet "Ziaxzigo" {Spirit Harm rF- rC+
                  | Int+2}
  6197 | D:5      | Found a sparkling altar of Nemelex Xobeh.
  6667 | D:6      | Reached skill level 5 in Invocations
  6716 | D:6      | Found a staircase to the Ecumenical Temple.
  6964 | D:6      | Gained mutation: You regenerate a little health from kills.
                  | [demonic ancestry]
  6964 | D:6      | Reached XP level 9. HP: 66/69 MP: 12/12
  7388 | D:7      | Noticed a troll
  7418 | D:7      | Killed a troll
  7577 | D:7      | Reached *** piety under Okawaru
  7624 | D:7      | Found Xun Kebigra's Armour Emporium.
  7630 | D:7      | Identified a scroll of acquirement
  7631 | D:7      | Acquired the amulet "Jutiaru" {Faith rPois rCorr Str+3
                  | Dex+3}
  7693 | D:6      | Reached skill level 9 in Maces & Flails
  7708 | D:7      | Found Ynwupt's Book Boutique.
  7785 | D:5      | Noticed deremet's ghost (weakling GnDe)
  7833 | D:5      | Killed deremet's ghost
  8031 | D:7      | Reached **** piety under Okawaru
  8564 | D:8      | Noticed a komodo dragon
  8567 | D:8      | Killed a komodo dragon
  8568 | D:8      | Reached skill level 1 in Shields
  8574 | D:8      | Found a staircase to the Lair.
  8604 | D:8      | Reached XP level 10. HP: 64/80 MP: 12/14
  8648 | D:8      | Reached ***** piety under Okawaru
  8654 | D:8      | Reached skill level 10 in Maces & Flails
  9022 | D:7      | Received a gift from Okawaru
  9138 | D:8      | Noticed Maurice
  9144 | D:8      | Killed Maurice
  9222 | D:8      | Noticed Gastronok
  9545 | D:8      | Killed Gastronok
  9589 | D:8      | Found a faded altar of an unknown god.
  9596 | D:8      | Found a shadowy altar of Dithmenos.
  9598 | D:8      | Found a shimmering blue altar of Sif Muna.
  9600 | D:8      | Found a faded altar of an unknown god.
  9601 | D:8      | Noticed Prince Ribbit
  9620 | D:8      | Killed Prince Ribbit
 10277 | D:9      | Noticed a two-headed ogre
 10284 | D:9      | Killed a two-headed ogre
 10285 | D:9      | Reached XP level 11. HP: 82/90 MP: 16/16
 10285 | D:9      | Found Omutt's Overcharged Wands.
 10324 | D:9      | Found a staircase to the Orcish Mines.
 10395 | D:9      | Received a gift from Okawaru
 10401 | D:9      | Reached skill level 11 in Maces & Flails
 10526 | D:9      | Noticed a two-headed ogre
 10529 | D:9      | Killed a two-headed ogre
 10530 | D:9      | Reached skill level 10 in Fighting
 10727 | D:9      | Noticed a two-headed ogre
 10737 | D:9      | Killed a two-headed ogre
 10737 | D:9      | Identified the +1 robe of Famatuorr {rN++ rCorr} (Okawaru
                  | gifted it to you on level 9 of the Dungeon)
 10737 | D:9      | Received a gift from Okawaru
 10786 | D:9      | Reached skill level 5 in Evocations
 11175 | D:10     | Entered Level 10 of the Dungeon
 11355 | D:10     | Found a burning altar of Makhleb.
 11411 | D:10     | Noticed Lodul
 11545 | D:10     | Killed Lodul
 11812 | D:10     | Found a snail-covered altar of Cheibriados.
 11823 | D:10     | Paralysed by a hornet for 2 turns
 11829 | D:10     | Reached skill level 12 in Maces & Flails
 12094 | D:10     | Identified the +1 leather armour "Saheuny" {Harm Dex+2
                  | Slay+2}
 12506 | D:11     | Noticed a two-headed ogre
 12521 | D:11     | Killed a two-headed ogre
 12655 | D:11     | Found a snail-covered altar of Cheibriados.
 12674 | D:11     | Noticed a boulder beetle
 12679 | D:11     | Killed a boulder beetle
 12680 | D:11     | Reached skill level 5 in Shields
 12680 | D:11     | Gained mutation: You sometimes gain power by taking damage.
                  | [demonic ancestry]
 12680 | D:11     | Reached XP level 12. HP: 97/97 MP: 17/17
 12722 | D:11     | Noticed a two-headed ogre
 12732 | D:11     | Killed a two-headed ogre
 12733 | D:11     | Reached skill level 5 in Armour
 12915 | D:11     | Noticed Erica
 12965 | D:11     | Killed Erica
 13163 | D:11     | Noticed a boulder beetle
 13179 | D:11     | Killed a boulder beetle
 13192 | D:11     | Noticed a centaur warrior
 13197 | D:11     | Noticed Grum
 13203 | D:11     | Killed a centaur warrior
 13206 | D:11     | Noticed a boulder beetle
 13225 | D:11     | HP: 3/97 [boulder beetle (34)]
 13229 | D:11     | Mangled by a boulder beetle

Illustrated notes

Levels and vault maps discovered:
D:1:      minmay_arrival_shattered_statue, layout_basic
D:2:      layout_basic, basic_altar
D:3:      layout_basic, lemuel_round_altar, minmay_divided_ellipse
D:4:      layout_basic, uniq_grinder, uniq_crazy_yiuf_cottage
D:5:      layout_gridville, nemelex_spade_bored_becter,
          gammafunk_ghost_gnarly_gnolls, st_stairs_14, uniq_eustachio
D:6:      layout_rooms, minmay_temple_entry_statues_pillars, feat_on_display
D:7:      layout_basic, nicolae_wooded_promenade, minivault_10
D:8:      layout_basic, chequers_temple_overflow_minitemple,
          grunt_lair_entry_orc_guard_hut, minivault_21, uniq_gastronok,
          uniq_prince_ribbit1, uniq_maurice
D:9:      layout_rooms, orc_0_dummy, nicolae_shop_overcharged_wands
D:10:     layout_grid_maze, mainiacjoe_overflow_six_doors_small,
          mainiacjoe_overflow_alcove_4, serial_glass, glass_columns_c,
          glass_columns_b, lightli_orcish_oven, uniq_lodul
D:11:     minmay_the_grid_triangle_9x9_recursive_3_mashed
          [minmay_the_grid_triangle_9x9_intruding_spiral,
          minmay_the_grid_triangle_9x9_thin_v,
          minmay_the_grid_triangle_9x9_semitri,
          minmay_the_grid_triangle_9x9_prize_top_heavy,
          minmay_the_grid_triangle_9x9_negative_grid,
          minmay_the_grid_triangle_9x9_from_above,
          minmay_the_grid_triangle_9x9_shrine,
          minmay_the_grid_triangle_9x9_corruption,
          minmay_the_grid_triangle_9x9_wacky_v], layout_loops_corners,
          special_room [special_room_orc], slow_altar_1, uniq_grum, uniq_erica,
          uniq_fannar, uniq_snorg

Skill      XL: |  1  2  3  4  5  6  7  8  9 10 11 12 |
---------------+-------------------------------------+-----
Maces & Flails | 1 2 3 4 6 7 8 9 10 12 | 12.5
Invocations    | 1 3 5 7 |  7.5
Fighting       | 3 6 8 9 10 | 10.0
Evocations     | 4 5 6 |  6.1
Shields        | 1 3 5 |  5.5
Armour         | 4 5 |  5.8
Dodging        | |  0.8
Stealth        | |  0.8

Action                     |  1- 3 |  4- 6 |  7- 9 | 10-12 || total
---------------------------+-------+-------+-------+-------++-------
  Melee: Club              |    75 |       |       |       ||    75
         Whip              |   100 |   192 |       |       ||   292
         Punch             |     1 |       |     4 |       ||     5
         Mace              |       |    60 |       |       ||    60
         Flail             |       |    24 |   458 |   549 ||  1031
         Tailslap          |       |       |    78 |   121 ||   199
         Unarmed           |       |       |       |     1 ||     1
  Throw: Throwing net      |       |       |     6 |       ||     6
 Invoke: Heroism           |       |       |     7 |    18 ||    25
  Evoke: Wand              |     6 |    10 |    20 |    38 ||    74
    Use: Scroll            |     1 |    12 |    12 |     8 ||    33
         Potion            |       |     3 |     4 |     5 ||    12
   Stab: Held in net/web   |       |       |     2 |       ||     2
 Armour: Leather armour    |    18 |       |       |       ||    18
         Ring mail         |    26 |    79 |   113 |       ||   218
         Skin              |       |       |    16 |     1 ||    17
         Troll leather arm |       |       |    19 |       ||    19
         Scale mail        |       |       |     3 |   131 ||   134
  Dodge: Dodged            |    97 |   154 |   353 |   204 ||   808
  Block: Kite shield       |       |       |    14 |   265 ||   279

Table legend: (Time is in decaauts)
 A = Elapsed time spent in this place.
 B = Non-inter-level travel time spent in this place.
 C = Inter-level travel time spent in this place.
 D = Time resting spent in this place.
 E = Time spent auto-exploring this place.
 F = Levels seen in this place.
 G = Mean time per level.
                   A        B        C        D        E       F      G
               +--------+--------+--------+--------+--------+-----+--------+
         Total |  13209 |  12913 |    296 |   2464 |   6542 |  11 | 1200.8 |
       Dungeon |  13209 |  12913 |    296 |   2464 |   6542 |  11 | 1200.8 |
               +--------+--------+--------+--------+--------+-----+--------+

Top non-repeatable levels by time:
     D:4: 1765 daAuts
     D:5: 1754 daAuts
     D:7: 1475 daAuts
     D:3: 1363 daAuts
    D:10: 1354 daAuts
     D:8: 1264 daAuts
     D:1: 937 daAuts
     D:9: 895 daAuts
     D:2: 876 daAuts
     D:6: 836 daAuts
    D:11: 684 daAuts
